 Dungeon Crawl Stone Soup version 0.30.0-13-g156ef70053 (webtiles) character file.

Game seed: 2588817884959652440

6 Ihaveafatcat the Shooter (level 1, -1/11 HPs)
             Began as a Vine Stalker Hunter on May 17, 2023.
             Slain by a kobold
             ... wielding a +2 dagger of protection
              (2 damage)
             ... on level 1 of the Dungeon.
             The game lasted 00:00:22 (84 turns).

Ihaveafatcat the Shooter (Vine Stalker Hunter)        Turns: 84, Time: 00:00:23

Health: -1/11      AC:  3    Str: 13    XL:     1   Next: 90%
Magic:  0/2        EV: 11    Int:  9    God:
Gold:   0          SH:  0    Dex: 17    Spells: 0/0 levels left

rFire   . . .        a - +0 shortbow
rCold   . . .        (shield currently unavailable)
rNeg    . . .        c - +0 leather armour
rPois   .            (no helmet)
rElec   .            (no cloak)
rCorr   .            (no gloves)
SInv    .            (no boots)
Will    .....        (no amulet)
Stlth   ++           (no ring)
HPRegen 0.21/turn    (no ring)
MPRegen 0.08/turn

%: guardian spirit
@: no status effects
A: fangs 2, magic shield, antimagic bite, no potion heal 2
a: no special abilities


You were on level 1 of the Dungeon.
You visited 1 branch of the dungeon, and saw 1 of its levels.

Inventory:

Hand Weapons
 a - a +0 shortbow (weapon)
Armour
 c - a +0 leather armour (worn)
Scrolls
 b - a scroll of immolation


   Skills:
 + Level 1.7 Fighting
 + Level 3.9 Ranged Weapons
 + Level 1.5 Dodging
 + Level 1.2 Stealth


You couldn't memorise any spells.
You didn't know any spells.
Your spell library was empty.

Dungeon Overview and Level Annotations

Branches:
Dungeon (1/15)

Altars:


Innate Abilities, Weirdness & Mutations

You have extremely sharp teeth.
When hurt, damage is shared between your health and your magic reserves.
Your bite disrupts and absorbs the magic of your enemies.
Potions cannot restore your health.


Message History

Unknown command.
You escape the ball python's grasp.
The ball python closely misses you. The ball python barely misses you.
You shoot an arrow. The arrow hits the ball python!
You kill the ball python!
The kobold barely misses you.
The kobold hits you with a +2 dagger of protection.
The kobold hits you with a +2 dagger of protection.
The goblin hits you with a +0 dagger.
* * * LOW HITPOINT WARNING * * *
You shoot an arrow. The arrow misses the goblin.
The kobold hits you but does no damage. The goblin hits you but does no damage.
The kobold hits you with a +2 dagger of protection.
* * * LOW HITPOINT WARNING * * *
The goblin hits you with a +0 dagger.
You shoot an arrow. The arrow hits the goblin.
The goblin is severely wounded.
The kobold hits you but does no damage. The goblin barely misses you.
The kobold hits you but does no damage.
You shoot an arrow. The arrow closely misses the kobold.
The kobold barely misses you. The goblin hits you but does no damage.
You shoot an arrow.
The arrow hits the kobold but does no damage.
The kobold is moderately wounded.
The kobold hits you but does no damage. The goblin hits you with a +0 dagger.
* * * LOW HITPOINT WARNING * * *
The goblin closely misses you. The kobold hits you but does no damage.
You shoot an arrow.
The arrow hits the kobold but does no damage.
The kobold is moderately wounded.
The kobold misses you. The goblin barely misses you.
You shoot an arrow. The arrow barely misses the kobold.
The kobold hits you with a +2 dagger of protection.
* * * LOW HITPOINT WARNING * * *
The goblin misses you.
You shoot an arrow.
The arrow hits the kobold but does no damage.
The kobold is moderately wounded.
The kobold hits you with a +2 dagger of protection.
You die...

#.# #.######...
#.#........
#...####... ##..##
####...#
#.#####.....#......
#.....#.###.#...)..
#...####@K.#
#.#...... # #g###
#.#.....† #..#
#....)... .>..# ###
.... ##.... #....
#..... #.....
#......


You could see a goblin and a kobold.

Vanquished Creatures
  2 ball pythons (D:1)
  2 goblins (D:1)
  A frilled lizard (D:1)
  A rat (D:1)
6 creatures vanquished.

Notes
Turn   | Place    | Note
-------+----------+-------------------------------------------
     0 | D:1      | Ihaveafatcat the Vine Stalker Hunter began the quest for
                  | the Orb.
     0 | D:1      | Reached XP level 1. HP: 11/11 MP: 2/2
    84 | D:1      | Slain by a kobold

Illustrated notes

Levels and vault maps discovered:
D:1:      scummos_arrival_forest, layout_basic,
          hellmonk_ecumenical_altar_run_dry, minmay_box_of_dots

Action                     || total
---------------------------++-------
   Fire: Shortbow          ||    24
 Armour: Leather armour    ||    11
  Dodge: Dodged            ||    18
